 Dungeon Crawl Stone Soup version 0.29-a0-330-g52719c12eb (webtiles) character file.

Game seed: 10094643724882016764

17686 kae the Fighter (level 11, -7/101 HPs)
             Began as a Demigod Fire Elementalist on Apr 22, 2022.
             Mangled by an elephant (13 damage)
             ... on level 2 of the Lair of Beasts.
             The game lasted 00:15:11 (19216 turns).

kae the Fighter (Demigod Fire Elementalist)        Turns: 19216, Time: 00:15:12

Health: -7/101     AC: 13    Str:  9    XL:     11   Next: 94%
Magic:  9/24       EV: 11    Int: 29    God:
Gold:   836        SH: 12    Dex: 14    Spells: 9/22 levels left

rFire   + + .      SeeInvis .   t - staff of fire
rCold   . . .      Faith    .   u - +2 buckler
rNeg    . . .      Spirit   .   g - +0 swamp dragon scales
rPois   +          Reflect  +   (no helmet)
rElec   .          Harm     .   k - +0 cloak
rCorr   .          Rampage  .   z - +0 pair of gloves
Will    +....                   l - +2 pair of boots
Stlth   +.........              i - amulet of reflection
HPRegen 0.26/turn               n - ring of fire
MPRegen 0.19/turn               o - ring of protection from cold

@: no status effects
A: high MP 1, forlorn, divine attributes
a: no special abilities


You were on level 2 of the Lair of Beasts.
You visited 2 branches of the dungeon, and saw 12 of its levels.
You also visited: Bailey.

You collected 861 gold pieces.
You spent 25 gold pieces at shops.

Inventory:

Hand Weapons
 f - a +4 dagger of electrocution
Armour
 g - +0 swamp dragon scales (worn)
 k - a +0 cloak (worn)
 l - a +2 pair of boots (worn)
 u - a +2 buckler (worn)
 z - a +0 pair of gloves (worn)
Magical Staves
 t - a staff of fire (weapon)
Jewellery
 i - an amulet of reflection (around neck)
 n - a ring of fire (left hand)
 o - a ring of protection from cold (right hand)
Wands
 a - a wand of iceblast (4)
 p - a wand of polymorph (11)
 r - a wand of flame (11)
 B - a wand of mindburst (3)
Scrolls
 m - 4 scrolls of fog
 q - 4 scrolls of identify
 y - 2 scrolls of blinking
 A - a scroll of magic mapping
Potions
 b - 3 potions of magic
 c - 5 potions of degeneration
 d - a potion of haste
 e - 4 potions of mutation
 h - 4 potions of curing
 j - a potion of lignification
 s - a potion of invisibility
 v - 2 potions of might
 w - a potion of heal wounds


   Skills:
 - Level 10.3 Fighting
 - Level 4.0 Armour
 - Level 5.0 Dodging
 - Level 1.7 Stealth
 - Level 3.0 Shields
 - Level 6.0 Spellcasting
 - Level 6.0 Conjurations
 - Level 10.0 Fire Magic
 + Level 4.9 Evocations


You had 9 spell levels left.
You knew the following spells:

 Your Spells              Type           Power      Damage    Failure   Level
a - Foxfire               Conj/Fire      100%       2x1d9     1%          1
b - Scorch                Fire           100%       2d10      1%          2
c - Conjure Flame         Conj/Fire      89%        6-21      2%          3
d - Inner Flame           Hex/Fire       71%        N/A       8%          3
e - Flame Wave            Conj/Fire      89%        2d15      7%          4

Your spell library contained the following spells:

 Spells                   Type           Power      Damage    Failure   Level
 Shock                    Conj/Air       100%       1d9       5%          1
 Static Discharge         Conj/Air       26%        N/A       9%          2
 Stone Arrow              Conj/Erth      52%        3d10      17%         3
 Pain                     Necr           32%        1d5       19%         1
 Sandblast                Erth           16%        2d6       19%         1
 Passwall                 Tmut/Erth      6%         N/A       28%         2
 Swiftness                Air            8%         N/A       50%         3
 Fulminant Prism          Conj/Hex       13%        3d9       50%         4
 Iskenderun's Mystic Bla  Conj/Tloc      26%        2d7       50%         4
 Lightning Bolt           Conj/Air       13%        1d26      83%         5
 Airstrike                Air            4%         N/A       88%         4
 Agony                    Necr           8%         N/A       99%         5
 Excruciating Wounds      Necr           4%         N/A       99%         5
 Lee's Rapid Deconstruct  Erth           4%         3d6*      99%         5
 Maxwell's Capacitive Co  Air            4%         ∞         100%        8


Dungeon Overview and Level Annotations

Branches:
Dungeon (10/15)            Temple (0/1) D:6            Lair (2/6) D:8
    Orc (0/2) D:10         Bailey (visited)
  Swamp: Lair:2-4    Shoals: Lair:2-4     Snake: Lair:2-4    Spider: Lair:2-4

Shops:
D:4 **   D:7 =


Innate Abilities, Weirdness & Mutations

You have an increased reservoir of magic. (+10% MP)
You shall have no god before yourself.
Your divine heritage dramatically boosts your attributes as you level up.


Message History

The elephant tramples you but does no damage.
The elephant trunk-slaps you but does no damage.
The elephant tramples you but does no damage.
You block the elephant's attack.
A wave of flame ripples out!
The flame wave engulfs the elephant.
The elephant is almost dead.
The flame wave engulfs the elephant!
The elephant is severely wounded.
The flame wave engulfs the elephant!
The elephant is heavily wounded.
You block the elephant's attack. x2
A wave of flame ripples out!
The flame wave engulfs the elephant.
The elephant is heavily wounded.
The flame wave engulfs the elephant!
The elephant is almost dead.
The flame wave engulfs the elephant.
The elephant is severely wounded.
You finish channelling waves of flame.
The elephant closely misses you.
The elephant trunk-slaps you but does no damage.
The elephant tramples you!
* * * LOW HITPOINT WARNING * * *
You hold your ground!
The elephant trunk-slaps you but does no damage.
The elephant tramples you.
* * * LOW HITPOINT WARNING * * *
You hold your ground!
The elephant barely misses you.
Casting: Flame Wave (dangerous; 7% risk of failure)
Confirm with . or Enter, or press ? or * to list all spells.
Casting: Flame Wave (dangerous; 7% risk of failure)
Press: ? - help, Dir - look around, f - activate You feel a strong surge of power!
A wave of flame ripples out!
The flame wave engulfs the elephant!
The elephant is severely wounded.
The flame wave engulfs the elephant!
You kill the elephant!
The flame wave engulfs the elephant!
The elephant is almost dead. (Press . to intensify the flame waves.)
The elephant tramples you!
You die...

.#### .....# .....#
.....# #....###
.....#.# ...
####.....###. ...#
#@Y...........
....##†Y..............#
...P...................
.....#...<......>......
#..##....÷.............
#......................
#.........÷...........#
.......................
..>..............§..$.#


You could see 2 elephants.

Vanquished Creatures
  A hydra (Lair:1)
  2 two-headed ogres
  Amaemon (D:9)
  4 elephants (Lair:2)
  2 black mambas
  A gargoyle (D:8)
  An orange demon (D:9)
  3 cane toads
  5 komodo dragons
  A hornet (D:9)
  5 blink frogs (Lair:1)
  3 spriggans (Bailey)
  3 wyverns
  A basilisk (Lair:2)
  Grum (D:8)
  24 yaks
  A steam dragon (D:10)
  2 acid dragons
  4 water moccasins
  5 orc warriors
  2 black bears
  A sky beast (D:6)
  4 ogres (Bailey)
  4 wolves (D:8)
  2 centaurs
  A kobold brigand (D:10)
  10 bullfrogs
  A necrophage (D:7)
  A gnoll sergeant (D:10)
  4 scorpions
  5 wights
  7 killer bees
  5 howler monkeys
  3 jellies
  A gnoll shaman (D:10)
  13 orc priests
  3 iguanas
  13 orc wizards
  6 adders
  8 gnolls (D:10)
  4 ufetubi (D:7)
  A worm (D:4)
  5 dart slugs
  30 orcs
  3 ball pythons (D:1)
  3 bats
  8 endoplasms
  7 giant cockroaches
  10 goblins
  6 hobgoblins
  13 jackals
  21 kobolds
  A quokka (D:2)
  3 frilled lizards
  8 rats
287 creatures vanquished.

Vanquished Creatures (collateral kills)
  5 foxfires (D:1)
5 creatures vanquished.

Vanquished Creatures (others)
  A kobold (D:10)
  961 foxfires
  A fungus (Lair:2)
  49 plants
1012 creatures vanquished.

Grand Total: 1304 creatures vanquished

Notes
Turn   | Place    | Note
-------+----------+-------------------------------------------
     0 | D:1      | kae the Demigod Fire Elementalist began the quest for the
                  | Orb.
     0 | D:1      | Reached XP level 1. HP: 14/14 MP: 5/5
    58 | D:1      | Reached skill level 1 in Conjurations
   514 | D:1      | Reached XP level 2. HP: 20/20 MP: 2/7
  1153 | D:1      | Reached XP level 3. HP: 10/26 MP: 0/8
  1408 | D:1      | Learned a level 2 spell: Scorch
  1433 | D:1      | Learned a level 3 spell: Conjure Flame
  2487 | D:2      | Reached XP level 4. HP: 33/33 MP: 7/10
  3864 | D:4      | Reached XP level 5. HP: 36/38 MP: 1/12
  3954 | D:4      | Found Rumuraen's Assorted Antiques.
  3988 | D:4      | Bought a scroll labelled LOETZURADD for 25 gold pieces
  4029 | D:4      | Noticed a black bear
  4034 | D:4      | Killed a black bear
  4479 | D:4      | Reached XP level 6. HP: 45/45 MP: 10/13
  4662 | D:4      | Found Zin's Purification Station.
  5134 | D:5      | Entered Level 5 of the Dungeon
  5536 | D:5      | Reached skill level 5 in Fire Magic
  6298 | D:5      | Reached XP level 7. HP: 50/50 MP: 9/15
  7423 | D:6      | Found a staircase to the Ecumenical Temple.
  8016 | D:7      | Reached XP level 8. HP: 57/57 MP: 12/18
  8376 | D:7      | Learned a level 3 spell: Inner Flame
  8426 | D:7      | Learned a level 4 spell: Flame Wave
  8759 | D:7      | Reached skill level 1 in Shields
  8796 | D:7      | Found Xywnaiz's Jewellery Boutique.
  9602 | D:8      | Noticed Maggie
  9611 | D:8      | Noticed Maggie
  9611 | D:8      | Maggie changed into Maggie the wyvern
  9618 | D:8      | Killed Maggie the wyvern
  9619 | D:8      | Reached skill level 5 in Conjurations
  9735 | D:8      | Noticed a two-headed ogre
  9794 | D:8      | Reached skill level 5 in Spellcasting
  9863 | D:8      | Killed a two-headed ogre
  9864 | D:8      | Reached XP level 9. HP: 13/63 MP: 2/21
 10387 | D:8      | Reached skill level 5 in Fighting
 10592 | D:8      | Reached skill level 1 in Armour
 11000 | D:8      | Found a staircase to the Lair.
 11001 | D:8      | Noticed a komodo dragon
 11023 | D:8      | Killed a komodo dragon
 11319 | D:8      | Noticed Grum
 11456 | D:8      | Killed Grum
 11457 | D:8      | Reached XP level 10. HP: 61/81 MP: 8/22
 11871 | D:9      | Found a flagged portal.
 11920 | Bailey   | Entered a bailey
 12326 | Bailey   | Noticed a two-headed ogre
 12339 | Bailey   | Killed a two-headed ogre
 12340 | Bailey   | Reached skill level 5 in Dodging
 14517 | D:9      | Noticed Amaemon
 14543 | D:9      | Killed Amaemon
 15036 | D:10     | Entered Level 10 of the Dungeon
 15849 | D:10     | Reached XP level 11. HP: 95/95 MP: 17/24
 16222 | D:10     | Found a staircase to the Orcish Mines.
 16495 | Lair:1   | Entered Level 1 of the Lair of Beasts
 16915 | Lair:1   | Reached skill level 10 in Fighting
 17481 | Lair:1   | Reached skill level 1 in Evocations
 18289 | Lair:1   | Noticed a six-headed hydra
 18306 | Lair:1   | Killed a six-headed hydra
 18718 | Lair:2   | Noticed a death yak
 18729 | Lair:2   | Reached skill level 10 in Fire Magic
 19114 | Lair:2   | Noticed a death yak
 19114 | Lair:2   | Noticed a death yak
 19121 | Lair:2   | Noticed a death yak
 19216 | Lair:2   | Mangled by an elephant

Illustrated notes

Levels and vault maps discovered:
D:1:      dpeg_arrival_rhombus, layout_basic,
          shapermc_ecumenical_altar_notcrosses, nrook_loot_triangle,
          lexackson_kobold_supper
D:2:      layout_rooms, basic_altar
D:3:      layout_loops_ring
D:4:      dreamdust_elfheim, layout_loops_corners, zin_purify,
          marbit_many_paths, chequers_temple_overflow_statue_of_worship,
          serial_shops, nicolae_shop_crystal, kennysheep_generic_room_8
D:5:      nicolae_cairo_tiling, layout_loops_ring
D:6:      layout_basic, temple_statues
D:7:      layout_layer_cave, serial_shops, shop, serial_glass, glass_columns_b,
          glass_columns_b, glass_columns_a, glass_columns_a, st_stairs_12
D:8:      layout_basic, grunt_gozag_statues, david_lair_shrubbed,
          minmay_misc_feat_columns, uniq_grum, uniq_maggie
D:9:      layout_roguey, tso_altar, enter_bailey_8, uniq_amaemon
D:10:     layout_small_grid, david_orc_4
Lair:1:   layout_cave_pods, basic_altar, columned_hall_lemuel
Lair:2:   layout_gridlike

Skill      XL: |  1  2  3  4  5  6  7  8  9 10 11 |
---------------+----------------------------------+-----
Conjurations   | 1 2 3 4 5 6 |  6.0
Spellcasting   | 2 3 4 6 |  6.0
Fire Magic     | 3 4 5 6 8 9 10 | 10.0
Shields        | 3 |  3.0
Fighting       | 5 8 10 | 10.3
Armour         | 4 |  4.0
Dodging        | 5 |  5.0
Evocations     | 4 |  4.9
Stealth        | |  1.7

Action                   |  1- 3 |  4- 6 |  7- 9 | 10-12 || total
-------------------------+-------+-------+-------+-------++-------
Melee: Dagger            |    15 |     7 |       |       ||    22
       Staff             |       |       |    12 |    17 ||    29
 Cast: Foxfire           |    98 |   119 |   137 |   196 ||   550
       Scorch            |     4 |    21 |    48 |    46 ||   119
       Conjure Flame     |       |       |     7 |    11 ||    18
       Flame Wave        |       |       |     5 |    18 ||    23
       Inner Flame       |       |       |       |    12 ||    12
Evoke: Wand              |       |       |     1 |       ||     1
  Use: Scroll            |     6 |     8 |     9 |     4 ||    27
       Potion            |       |     6 |     2 |     1 ||     9
 Stab: Distracted        |       |     1 |       |       ||     1
Armor: Robe              |     8 |    24 |    12 |       ||    44
       Swamp dragon scal |       |       |     7 |    87 ||    94
Dodge: Dodged            |    31 |    44 |    36 |    91 ||   202
Block: Other             |       |     4 |     6 |       ||    10
       Buckler           |       |       |    38 |   136 ||   174
       Reflection        |       |       |       |     6 ||     6

Table legend: (Time is in decaauts)
 A = Elapsed time spent in this place.
 B = Non-inter-level travel time spent in this place.
 C = Inter-level travel time spent in this place.
 D = Time resting spent in this place.
 E = Time spent auto-exploring this place.
 F = Levels seen in this place.
 G = Mean time per level.
                   A        B        C        D        E       F      G
               +--------+--------+--------+--------+--------+-----+--------+
         Total |  19211 |  18620 |    591 |   2973 |  13041 |  13 | 1477.8 |
       Dungeon |  15627 |  15147 |    480 |   1525 |  11469 |  10 | 1562.7 |
          Lair |   2615 |   2505 |    110 |    703 |   1469 |   2 | 1307.5 |
        Bailey |    969 |    969 |      0 |    745 |    103 |   1 |  969.0 |
               +--------+--------+--------+--------+--------+-----+--------+

Top non-repeatable levels by time:
  Lair:1: 2496 daAuts
     D:9: 2246 daAuts
     D:8: 2155 daAuts
     D:1: 2060 daAuts
     D:7: 1870 daAuts
     D:4: 1515 daAuts
     D:5: 1489 daAuts
    D:10: 1405 daAuts
     D:6: 1156 daAuts
     D:3: 1107 daAuts
  Bailey: 969 daAuts
     D:2: 619 daAuts
  Lair:2: 118 daAuts
